 Dungeon Crawl Stone Soup version 0.15.0-11-g6f4f891 (webtiles) character file.

6413 Kashira the Thaumaturge (level 10, -2/81 HPs)
             Began as a Naga Enchanter on Aug 30, 2014.
             Was a High Priest of Qazlal.
             Slain by a hill giant
             ... wielding a cursed -1 giant spiked club
              (26 damage)
             ... on Level 11 of the Dungeon on Aug 31, 2014.
             The game lasted 01:37:00 (11036 turns).

Kashira the Thaumaturge (Naga Enchanter)           Turns: 11036, Time: 01:37:00

HP  -2/81        AC 13     Str 10      XL: 10   Next: 98%
MP   0/27        EV 10     Int 17      God: Qazlal [*****.]
Gold 642         SH  6     Dex 16      Spells:  7 memorised,  4 levels left

rFire  . . .     SeeInvis +     U - staff of wizardry (curse)
rCold  . . .     Clarity  .     F - +0 troll leather armour
rNeg   . . .     rCorr    .     (no shield)
rPois  +         rRot     .     (no helmet)
rElec  .         Spirit   +     e - +0 cloak (curse)
SustAb +         Warding  .     q - +0 pair of gloves
rMut   .         Stasis   .     k - +0 naga barding (curse)
Gourm  .                        T - amulet of guardian spirit
MR     +....                    P - ring of sustain abilities
                                D - +2 ring of dexterity

@: repel missiles, very slow, somewhat resistant to hostile enchantments,
unstealthy
A: spit poison, see invisible, deformed body, poison resistance, slowness 2, AC
+3
a: Spit Poison, Upheaval, Elemental Force, Disaster Area, Renounce Religion


You were on level 11 of the Dungeon.
You worshipped Qazlal.
Qazlal was extremely pleased with you.
You were hungry.

You visited 1 branch of the dungeon, and saw 11 of its levels.
You also visited: Sewer and Ossuary.

You collected 642 gold pieces.

Inventory:

Hand weapons
 y - a cursed +5 dagger
 A - a +1 hand crossbow
Missiles
 w - 12 steel bolts
 B - 59 bolts
 G - 2 tomahawks (quivered)
Armour
 e - a cursed +0 cloak (worn)
 k - a cursed +0 naga barding (worn)
 q - a +0 pair of gloves (worn)
 F - a +0 troll leather armour (worn)
Magical devices
 b - a wand of confusion (10)
 n - a wand of paralysis (13)
 v - a wand of confusion (0)
 H - a wand of digging (13)
 N - a wand of flame (8)
 O - a wand of random effects (9)
 Q - a wand of fire (10) {unknown}
 V - a wand of lightning (1)
Comestibles
 d - 13 bread rations
 g - 3 meat rations
 R - 6 beef jerkies
 X - a royal jelly
Scrolls
 a - 4 scrolls of amnesia
 h - 4 scrolls of identify
 j - 2 scrolls of teleportation
 t - 2 scrolls of recharging
 u - 5 scrolls of remove curse
 E - 2 scrolls of vulnerability
 J - a scroll of blinking
 L - 2 scrolls of fear
 Z - a scroll of magic mapping
Jewellery
 D - a +2 ring of dexterity (left hand)
 M - an uncursed ring of regeneration
 P - a ring of sustain abilities (right hand)
 T - an amulet of guardian spirit (around neck)
Potions
 f - 4 potions of haste
 i - a potion of brilliance {unknown}
 l - 2 potions of cancellation {unknown}
 m - 4 potions of poison {unknown}
 o - 4 potions of curing
 r - 4 potions of flight {unknown}
 s - a potion of might {unknown}
 x - 2 potions of porridge
 z - 2 potions of magic {unknown}
 C - a potion of invisibility {unknown}
 I - 3 potions of restore abilities {unknown}
 K - 5 potions of heal wounds
 Y - a potion of berserk rage {unknown}
Books
 c - a book of Maledictions

   Spells                             Type                      Level
   *Corona                            Hexes                        1
   Sure Blade                         Hexes/Charms                 2
   Ensorcelled Hibernation            Hexes/Ice                    2
   *Confuse                           Hexes                        3
   *Dazzling Spray                    Conjuration/Hexes            3
   *Enslavement                       Hexes                        4
 S - a book of Ice

   Spells                             Type                      Level
   *Metabolic Englaciation            Hexes/Ice                    5
   Ozocubu's Refrigeration            Ice                          6
   Bolt of Cold                       Conjuration/Ice              6
   Freezing Cloud                     Conjuration/Ice/Air          6
   Simulacrum                         Ice/Necromancy               6
 W - a book of Clouds

   Spells                             Type                      Level
   *Mephitic Cloud                    Conjuration/Poison/Air       3
   *Conjure Flame                     Conjuration/Fire             3
   Poisonous Cloud                    Conjuration/Poison/Air       6
   Freezing Cloud                     Conjuration/Ice/Air          6
   Ring of Flames                     Charms/Fire                  7
Magical staves
 U - a cursed staff of wizardry (weapon)


   Skills:
 + Level 2.6 Fighting
 + Level 2.6 Short Blades
 + Level 2.0 Staves
 + Level 1.8 Throwing
 + Level 4.0 Armour
 + Level 5.1 Dodging
 + Level 7.6 Stealth
 + Level 8.5 Spellcasting
 + Level 3.5 Conjurations
 + Level 8.4 Hexes
   Level 1.6 Charms
 + Level 1.0 Evocations


You had 4 spell levels left.
You knew the following spells:

 Your Spells              Type           Power        Failure   Level  Hunger
a - Corona                Hex            #####..      1%          1    None
b - Mephitic Cloud        Conj/Pois/Air  ##......     9%          3    #......
c - Confuse               Hex            #####...     1%          3    #......
d - Enslavement           Hex            #####...     1%          4    ###....
e - Dazzling Spray        Conj/Hex       ####....     1%          3    #......
f - Conjure Flame         Conj/Fire      ##......     7%          3    #......
g - Metabolic Englaciati  Hex/Ice        ###.......   28%         5    #####..


Dungeon Overview and Level Annotations

Branches:
Dungeon (11/15)            Temple (0/1) D:7             Orc (0/4) D:10
   Lair (0/8) D:10

Altars:
Ashenzari
Dithmenos
Elyvilon
Qazlal
Sif Muna
Trog
Vehumet
Xom
Yredelemnul
Zin
The Shining One


Innate Abilities, Weirdness & Mutations

You cannot wear boots.
You can spit poison.
Your serpentine skin is tough (AC +3).
You have supernaturally acute eyesight.
Armour fits poorly on your strangely shaped body.
Your system is resistant to poisons.
You cover ground very slowly.


Message History

You finish eating.
That beef jerky was delicious!
Casting: Enslavement
Confirm with . or Enter, or press ? or * to list all spells.
Aiming: Confuse
Press: ? - help, Shift-Dir - straight line, f/p - hill giant
Aim: a hill giant, wielding a giant spiked club The hill giant resists.
Casting: Confuse
Confirm with . or Enter, or press ? or * to list all spells.
Aiming: Confuse
Press: ? - help, Shift-Dir - straight line, f/p - hill giant
Aim: a hill giant, wielding a giant spiked club (sparse dust)
The hill giant appears confused.
The hill giant hits you with a giant spiked club!
* * * LOW HITPOINT WARNING * * *
Casting: Confuse
Confirm with . or Enter, or press ? or * to list all spells.
You don't have enough magic to cast that spell.
The hill giant hits you with a giant spiked club!!
You die...

... #. ...... .#.
....... .....
.......#
##....##......#.
......#....(....
....[..§........
.......§§C§.......
.........@§§T.....
#..............>..
.......§§.......
................
........(.......
..............
............
.........% ....


You could see a hill giant (confused) and a troll.

Vanquished Creatures
  A gargoyle (D:10)
  A troll (D:5)
  The ghost of benano the Thaumaturge, an experienced DEWz of Sif Muna (D:6)
  A wyvern (D:10)
  A boulder beetle (D:8)
  A water moccasin (D:7)
  6 yaks (D:9)
  Edmund (D:5)
  Menkaure (D:7)
  Purgy (Sewer)
  2 sky beasts
  3 ice beasts
  A centaur (D:10)
  A manticore zombie (D:10)
  2 orc warriors (D:10)
  A black bear (D:8)
  5 ogres
  A big kobold (D:10)
  6 giant frogs
  3 scorpions
  A yak zombie (D:9)
  2 jellies
  9 killer bees (D:8)
  A troll skeleton (D:10)
  A centaur zombie (D:5)
  2 human zombies (Ossuary)
  4 crimson imps
  A basilisk zombie (D:10)
  8 hounds
  4 orc priests
  A centaur skeleton (D:4)
  An elf skeleton (D:9)
  4 iguanas
  7 orc wizards
  3 worker ants
  A big kobold zombie (Ossuary)
  Jessica (D:4)
  A hound zombie (Ossuary)
  Terence (D:2)
  5 mummies
  2 hound skeletons
  4 gnolls (D:9)
  18 adders
  A green rat (D:5)
  2 shadow imps
  2 giant mites
  An inept item mimic (D:10)
  A worm (D:3)
  An adder zombie (Ossuary)
  8 giant geckos
  An ooze (D:1)
  21 orcs
  5 ball pythons
  6 giant cockroaches
  2 gnoll zombies (D:3)
  15 hobgoblins
  5 quokkas
  12 bats
  7 giant newts
  2 giant spores (D:10)
  17 goblins
  A hobgoblin skeleton (D:7)
  27 jackals
  4 jackal zombies
  33 kobolds
  A kobold skeleton (D:7)
  4 orc skeletons
  An orc zombie (Ossuary)
  22 rats
  A rat skeleton (D:6)
  6 ballistomycetes (D:10)
  5 butterflies
  2 plants (D:5)
338 creatures vanquished.

Vanquished Creatures (collateral kills)
  A two-headed ogre (D:10)
  Ijyb (D:5)
  4 orcs
  A jackal (D:5)
  A kobold (D:10)
  A rat zombie (Ossuary)
9 creatures vanquished.

Vanquished Creatures (others)
  Pikel (D:7)
  The ghost of Sedillia the Chopper, an average MiBe of Trog (D:3)
  2 slaves (D:7)
  2 orc priests (D:7)
  An orc wizard (D:7)
  An orc (D:7)
  A gnoll zombie (Ossuary)
  A giant newt (D:4)
  3 giant spores (D:10)
  An orc zombie (Ossuary)
  A rat zombie (Ossuary)
  A ballistomycete (D:10)
16 creatures vanquished.

Grand Total: 363 creatures vanquished

Notes
Turn   | Place    | Note
--------------------------------------------------------------
     0 | D:1      | Kashira, the Naga Enchanter, began the quest for the Orb.
     0 | D:1      | Reached XP level 1. HP: 15/15 MP: 3/3
   173 | D:1      | Reached XP level 2. HP: 22/22 MP: 2/4
   177 | D:1      | Learned a level 2 spell: Sure Blade
   617 | D:1      | Reached skill level 5 in Stealth
   634 | D:1      | Reached XP level 3. HP: 21/28 MP: 2/6
   845 | D:2      | Learned a level 3 spell: Confuse
   897 | D:2      | Found a shadowy altar of Dithmenos.
  1168 | D:2      | Reached XP level 4. HP: 37/37 MP: 8/8
  1183 | D:2      | Noticed Terence
  1197 | D:2      | Killed Terence
  1524 | D:3      | Reached skill level 1 in Charms
  1534 | D:3      | Found a stormy altar of Qazlal.
  1542 | D:3      | Became a worshipper of Qazlal Stormbringer
  1645 | D:3      | Found a basalt altar of Yredelemnul.
  1854 | D:3      | Reached XP level 5. HP: 43/43 MP: 11/11
  1937 | D:3      | Noticed Sedillia's ghost (average MiBe)
  1956 | D:3      | Killed Sedillia's ghost
  2261 | D:4      | Found a white marble altar of Elyvilon.
  2426 | D:4      | Acquired Qazlal's first power
  2543 | D:4      | Reached skill level 1 in Fighting
  2543 | D:4      | Reached XP level 6. HP: 26/51 MP: 1/13
  2651 | D:4      | Found a glowing golden altar of the Shining One.
  2754 | D:4      | Noticed Jessica
  2760 | D:4      | Killed Jessica
  2768 | D:4      | Found a deep blue altar of Sif Muna.
  2925 | D:5      | Entered Level 5 of the Dungeon
  2949 | D:5      | Found a radiant altar of Vehumet.
  3057 | D:5      | Found a glowing drain.
  3083 | Sewer    | Entered a sewer
  3097 | Sewer    | Noticed Purgy
  3103 | Sewer    | Killed Purgy
  3103 | Sewer    | Reached XP level 7. HP: 55/57 MP: 6/17
  3106 | Sewer    | Acquired Qazlal's second power
  3344 | D:5      | Noticed Edmund
  3367 | D:5      | Killed Edmund
  3367 | D:5      | Reached skill level 1 in Armour
  3367 | D:5      | Reached skill level 5 in Hexes
  3583 | D:5      | Noticed a troll
  3601 | D:5      | Killed a troll
  3601 | D:5      | Reached skill level 1 in Throwing
  3615 | D:5      | Reached XP level 8. HP: 41/64 MP: 14/19
  3660 | D:5      | Learned a level 4 spell: Enslavement
  3687 | D:5      | Found a shattered altar of Ashenzari.
  3741 | D:5      | Noticed Ijyb
  3754 | D:5      | Reached skill level 6 in Stealth
  3801 | D:5      | Killed Ijyb
  4161 | D:5      | Reached skill level 5 in Spellcasting
  4485 | D:6      | Noticed benano's ghost (experienced DEWz)
  4535 | D:6      | Found a sand-covered staircase.
  4545 | Ossuary  | Entered an ossuary
  4793 | D:6      | Learned a level 3 spell: Dazzling Spray
  4906 | D:6      | Acquired Qazlal's third power
  5179 | D:6      | Killed benano's ghost
  5179 | D:6      | Reached XP level 9. HP: 73/73 MP: 15/22
  5478 | D:6      | Reached skill level 1 in Conjurations
  6041 | D:7      | Found a staircase to the Ecumenical Temple.
  6077 | D:7      | Noticed Pikel
  6114 | D:7      | Killed Pikel
  6154 | D:7      | Noticed Menkaure
  6156 | D:7      | Killed Menkaure
  6421 | D:7      | Acquired Qazlal's fourth power
  6953 | D:8      | Reached skill level 7 in Hexes
  7157 | D:8      | Found a shimmering altar of Xom.
  7569 | D:8      | Reached XP level 10. HP: 79/81 MP: 6/25
  8078 | D:8      | Found a glowing silver altar of Zin.
  8078 | D:8      | Found a bloodstained altar of Trog.
  8485 | D:9      | Reached skill level 1 in Staves
  8933 | D:9      | Reached skill level 1 in Evocations
  9695 | D:10     | Entered Level 10 of the Dungeon
  9716 | D:10     | Reached skill level 8 in Hexes
  9721 | D:10     | Acquired Qazlal's fifth power
  9852 | D:10     | Found a staircase to the Lair.
  9984 | D:10     | Learned a level 3 spell: Mephitic Cloud
 10058 | D:10     | Reached skill level 5 in Dodging
 10267 | D:10     | Found a staircase to the Orcish Mines.
 10899 | D:10     | Learned a level 3 spell: Conjure Flame
 10905 | D:10     | Learned a level 5 spell: Metabolic Englaciation
 11027 | D:11     | Noticed a hill giant
 11036 | D:11     | Slain by a hill giant

Action                   |  1- 3 |  4- 6 |  7- 9 | 10-12 || total
-------------------------+-------+-------+-------+-------++-------
Melee: Dagger            |    59 |   146 |   166 |       ||   371
       Staff             |       |       |    74 |   181 ||   255
Throw: Tomahawk          |       |       |    24 |    10 ||    34
       Throwing net      |       |       |     3 |       ||     3
 Cast: Corona            |    19 |     9 |       |       ||    28
       Sure Blade        |    11 |    19 |     1 |       ||    31
       Confuse           |       |    20 |    62 |    54 ||   136
       Enslavement       |       |       |    11 |     5 ||    16
       Dazzling Spray    |       |       |    67 |    85 ||   152
 Abil: Spit Poison       |    29 |    80 |   129 |    95 ||   333
Evoke: Wand              |       |       |     6 |     9 ||    15
  Use: Scroll            |       |     1 |    16 |     4 ||    21
 Stab: Confused          |       |     5 |     9 |    11 ||    25
       Invisible         |       |       |     4 |     3 ||     7
       Held in net/web   |       |       |     1 |       ||     1
  Eat: Chunk             |     4 |    14 |    19 |     8 ||    45
       Pizza             |       |       |     1 |       ||     1
       Bread ration      |       |       |     1 |       ||     1
       Meat ration       |       |       |     2 |     2 ||     4
       Beef jerky        |       |       |       |     1 ||     1
